 Dungeon Crawl Stone Soup version 0.30-a0-719-gcc4359ea44 (webtiles) character file.

Game seed: 7878836633009314106

3588 Dirtsage the Transmogrifier (level 10, -2/75 HPs)
             Began as an Octopode Transmuter on Jan 26, 2023.
             Was an Initiate of Gozag.
             Slain by an orc
             ... wielding a +1 dagger of distortion
              (16 damage)
             ... on level 7 of the Dungeon.
             The game lasted 00:19:14 (7119 turns).

Dirtsage the Transmogrifier (Octopode Transmuter)   Turns: 7119, Time: 00:19:15

Health: -2/75      AC: -7    Str: 11    XL:     10   Next: 10%
Magic:  11/14      EV: 10    Int: 19    God:    Gozag
Gold:   404        SH:  0    Dex: 18    Spells: 3/15 levels left

rFire   x . .      SeeInvis .      - Unarmed
rCold   + + +      Faith    .    (shield currently unavailable)
rNeg    . . .      Spirit   .    (helmet currently unavailable)
rPois   +          Reflect  .    b - amulet of regeneration
rElec   .          Harm     .    g - +6 ring of dexterity
rCorr   .          Rampage  .    (no ring)
Will    .....                    (no ring)
Stlth   ++                       (no ring)
HPRegen 1.12/turn                (no ring)
MPRegen 0.14/turn                (no ring)
                                 (no ring)
                                 (no ring)

@: ice-form, wereblooded, corroded, gold aura, studying Invocations
A: freezing attack, boosted hp, almost no armour, amphibious, 8 rings, large,
(camouflage 1), (gelatinous body 1), (nimble swimmer 1), (tentacles)
a: End Transformation, Renounce Religion, Potion Petition, Call Merchant, Bribe
Branch


You were on level 7 of the Dungeon.
You worshipped Gozag.
Gozag was aware of your devotion.
You were a creature of crystalline ice.
You visited 2 branches of the dungeon, and saw 8 of its levels.
You also visited: Ossuary.

You collected 499 gold pieces.
You paid 95 gold pieces to Gozag.

Inventory:

Magical Staves
 i - a staff of death
 y - a staff of earth
Jewellery
 b - an amulet of regeneration (around neck)
 g - a +6 ring of dexterity (left front paw)
 m - an amulet of reflection
Scrolls
 e - 2 scrolls of amnesia
 j - 2 scrolls of enchant armour
 k - 2 scrolls of brand weapon
 n - a scroll of torment
 o - a scroll of enchant weapon
 t - a scroll of teleportation
 x - 2 scrolls of fog
Potions
 a - a potion of lignification
 c - a potion of flight {unknown}
 d - 2 potions of haste {unknown}
 f - 6 potions of heal wounds {unknown}
 h - 2 potions of mutation {unknown}
 l - 4 potions of brilliance
 p - 4 potions of attraction {unknown}
 q - 8 potions of curing
 r - a potion of invisibility
 s - 3 potions of magic {unknown}
 v - 2 potions of resistance {unknown}
 w - 3 potions of degeneration {unknown}
 z - 2 potions of berserk rage {unknown}
 A - a potion of cancellation {unknown}


   Skills:
 + Level 3.0 Fighting
 - Level 2.0 Dodging
 + Level 4.2 Unarmed Combat
 + Level 3.2 Spellcasting
 + Level 5.3 Conjurations
 - Level 8.0 Transmutations
 - Level 8.0 Ice Magic
 * Level 4.1 Air Magic


You had 3 spell levels left.
You knew the following spells:

 Your Spells              Type           Power      Damage    Failure   Level
a - Beastly Appendage     Tmut           66%        N/A       1%          1
b - Wereblood             Tmut           33%        N/A       1%          2
c - Ice Form              Ice/Tmut       33%        N/A       5%          4
d - Freezing Cloud        Conj/Ice/Air   12%        6-21      36%         5

Your spell library contained the following spells:

 Spells                   Type           Power      Damage    Failure   Level
 Momentum Strike          Conj/Tloc      26%        3d8       8%          2
 Spider Form              Tmut/Pois      18%        N/A       9%          3
 Ignite Poison            Fire/Tmut/Pois 13%        N/A       16%         3
 Blink                    Tloc           6%         N/A       22%         2
 Lesser Beckoning         Tloc           6%         N/A       22%         2
 Kindle Blastsparks       Fire/Tloc/Air  16%        2d11      26%         3


Dungeon Overview and Level Annotations

Branches:
Dungeon (7/15)             Temple (1/1) D:6         Ossuary (visited)

Altars:
Ashenzari
Dithmenos
Elyvilon
Gozag
Hepliaklqana
Kikubaaqudgha
Makhleb
Ru
Trog
Uskayaw
Vehumet
Wu Jian
Xom
Yredelemnul
Zin
The Shining One

Annotations:
D:4 Dirtsage's ghost, amateur OpTm


Innate Abilities, Weirdness & Mutations

You are a creature of crystalline ice.
You have a powerful freezing melee attack.
Your maximum health is increased.
Your armour is entirely melded.
You are incapable of wielding weapons or throwing items.
You cannot wear most types of armour.
You are amphibious.
You can wear up to eight rings at the same time.
((Your skin changes colour to match your surroundings (Stealth+).))
((Your rubbery body absorbs attacks. (AC +1, EV +1)))
((You are camouflaged when in or above water. (Stealth+)))
((You have tentacles for arms and can constrict up to eight enemies at once.))


Message History

Your front paws burn!
The jelly is heavily wounded.
The jelly hits you.
You are splashed with acid!
You take 13 damage, and have 36/75 hp.
You hit the jelly but do no damage. The acid corrodes you!
Your front paws burn!
The jelly is heavily wounded.
The jelly hits you.
You are splashed with acid!
You take 11 damage, and have 25/75 hp.
You hit the jelly but do no damage.
Your front paws burn!
The jelly is heavily wounded.
The jelly closely misses you.
You take 1 damage, and have 24/75 hp.
You hit the jelly but do no damage. The acid corrodes you!
Your front paws burn!
* * * LOW HITPOINT WARNING * * *
The jelly is heavily wounded.
You take 1 damage, and have 23/75 hp.
You hit the jelly. You freeze the jelly.
Your front paws burn!
* * * LOW HITPOINT WARNING * * *
The jelly is severely wounded.
An orc comes into view. It is wielding a +0 dagger.
The jelly hits you.
* * * LOW HITPOINT WARNING * * *
You are splashed with acid!
* * * LOW HITPOINT WARNING * * *
You take 13 damage, and have 10/75 hp.
Okay, then.
Okay, then.
The orc shouts!
You punch the jelly! You freeze the jelly.
You feel a bit better.
You kill the jelly!
You regained 4 hp, and now have 14/75 hp.
You hit the orc but do no damage. The orc misses you.
You completely miss the orc.
The orc hits you with a +1 dagger of distortion.
* * * LOW HITPOINT WARNING * * *
Space warps horribly around you!
You die...
Your body crumbles into a pile of gold.

#...............>.
#..........
#.................
#..........
########....####..
##..###....
.###...o####+##########....
........................####
........................####
...........oo............## #
#...##..####o##...##...######
#...########Y##...##...#.....
#.. .........#....#......####
.........#....#......####
.........#....'......## #
..<......#....#......###
####################.... ####


You could see 4 orcs.

Vanquished Creatures
  Pikel (D:6)
  The ghost of Stil the Magician, a novice OpCj (D:5)
  Grinder (D:3)
  Sigmund (D:3)
  3 yaks (D:5)
  Duvessa (D:5)
  An ice beast (D:6)
  An orc warrior (D:6)
  4 ogres
  4 lemures (D:6)
  A necrophage (D:5)
  2 scorpions (D:5)
  Dowan (D:5)
  6 killer bees (D:6)
  A howler monkey (D:4)
  A jelly (D:7)
  2 hounds
  A gnoll bouda (D:4)
  4 orc priests
  Crazy Yiuf (D:2)
  4 iguanas
  Terence (D:2)
  6 orc wizards
  3 mummies (Ossuary)
  Robin (D:3)
  4 gnolls
  17 adders
  A shadow imp (D:6)
  A white imp (D:7)
  4 ufetubi
  3 adder zombies (Ossuary)
  A worm (D:2)
  3 dart slugs
  25 orcs
  5 endoplasms
  A giant cockroach (D:2)
  13 goblins
  10 hobgoblins
  7 jackals (D:2)
  5 kobolds
  2 quokkas
  9 ball pythons
  3 bats
  5 frilled lizards
  2 goblin zombies (Ossuary)
  4 hobgoblin zombies (Ossuary)
  3 kobold zombies (Ossuary)
  An orc zombie (Ossuary)
  3 quokka zombies (Ossuary)
  7 rats
  2 rat zombies (Ossuary)
194 creatures vanquished.

Vanquished Creatures (others)
  A fungus (D:2)
  6 plants (D:4)
7 creatures vanquished.

Grand Total: 201 creatures vanquished

Notes
Turn   | Place    | Note
-------+----------+-------------------------------------------
     0 | D:1      | Dirtsage the Octopode Transmuter began the quest for the
                  | Orb.
     0 | D:1      | Reached XP level 1. HP: 13/13 MP: 3/3
    96 | D:1      | Reached skill level 1 in Ice Magic
    96 | D:1      | Reached XP level 2. HP: 17/18 MP: 3/5
   210 | D:1      | Reached XP level 3. HP: 23/23 MP: 4/6
   213 | D:1      | Learned a level 2 spell: Wereblood
   239 | D:1      | Found a faded altar of an unknown god.
   628 | D:2      | Reached XP level 4. HP: 28/28 MP: 3/7
   686 | D:2      | Noticed Terence
  1085 | D:2      | Found a runed translucent door.
  1086 | D:2      | Noticed Crazy Yiuf
  1286 | D:2      | Learned a level 4 spell: Ice Form
  1298 | D:2      | Killed Terence
  1299 | D:2      | Reached XP level 5. HP: 33/33 MP: 4/8
  1509 | D:2      | Killed Crazy Yiuf
  1513 | D:2      | Identified the +1 hammer "Cuintac" {heavy, Stlth+}
  1624 | D:3      | Noticed Robin
  1640 | D:3      | Killed Robin
  1704 | D:3      | Noticed Sigmund
  1730 | D:3      | Killed Sigmund
  1731 | D:3      | Reached skill level 5 in Transmutations
  1731 | D:3      | Reached XP level 6. HP: 38/38 MP: 4/9
  1775 | D:3      | Found a basalt altar of Yredelemnul.
  1994 | D:3      | Reached XP level 7. HP: 14/43 MP: 5/10
  2065 | D:3      | Noticed Grinder
  2071 | D:3      | Found an ancient bone altar of Kikubaaqudgha.
  2077 | D:3      | HP: 2/51 [constriction (6)]
  2407 | D:3      | Paralysed by Grinder for 5 turns
  2425 | D:3      | Killed Grinder
  2426 | D:3      | Reached skill level 5 in Ice Magic
  3211 | D:4      | Identified the +0 chain mail of Duhage {rCorr}
  3323 | D:4      | Found a transporter.
  3323 | D:4      | Identified the +9 trident "Mounuum" {vamp, Fly rN+}
  3323 | D:4      | Identified the -2 buckler of Impatience {Int+7}
  3332 | D:4      | Found a transporter.
  3369 | D:4      | Noticed Dirtsage's ghost (amateur OpTm)
  3613 | D:4      | Reached XP level 8. HP: 48/48 MP: 4/11
  3848 | D:5      | Entered Level 5 of the Dungeon
  3874 | D:5      | Noticed Duvessa
  3880 | D:5      | Killed Duvessa
  3881 | D:5      | Reached skill level 1 in Conjurations
  3881 | D:5      | Noticed Dowan
  3899 | D:5      | Killed Dowan
  4166 | D:5      | Found a runed translucent door.
  4166 | D:5      | Noticed Stil's ghost (novice OpCj)
  4485 | D:5      | Noticed a yak
  4485 | D:5      | Noticed a yak
  4485 | D:5      | Noticed a yak
  4521 | D:5      | Killed a yak
  4527 | D:5      | Killed a yak
  4528 | D:5      | Reached XP level 9. HP: 53/53 MP: 9/12
  4756 | D:5      | Found a broken altar of Ashenzari.
  4792 | D:5      | Found an ornate altar of the Wu Jian Council.
  4864 | D:5      | Found a bloodstained altar of Trog.
  4864 | D:5      | Found a burning altar of Makhleb.
  5122 | D:5      | Killed Stil's ghost
  5123 | D:5      | Reached skill level 1 in Air Magic
  5276 | D:6      | Learned a level 5 spell: Freezing Cloud
  5531 | D:6      | Found a staircase to the Ecumenical Temple.
  5540 | Temple   | Entered the Ecumenical Temple
  5630 | Temple   | Became a worshipper of Gozag Ym Sagoz the Greedy
  6331 | D:6      | Found a glowing golden altar of the Shining One.
  6368 | D:6      | Noticed Pikel
  6374 | D:6      | Killed Pikel
  6375 | D:6      | Reached skill level 5 in Conjurations
  6375 | D:6      | Reached XP level 10. HP: 62/62 MP: 9/14
  6652 | D:7      | Found a sand-covered staircase.
  6667 | Ossuary  | Entered an ossuary
  7119 | D:7      | Slain by an orc

Illustrated notes

Levels and vault maps discovered:
D:1:      tarquinn_simple_flora_water_d, layout_rooms,
          nicolae_ecumenical_snake_handling, minmay_misc_feat_ornament,
          wander_ebering_terrifying_dragon_lair
D:2:      layout_basic, serial_park_tiny_2, bh_walls_and_bars,
          uniq_crazy_yiuf_cottage, uniq_terence
D:3:      layout_basic, nicolae_kikubaaqudgha_miasma_corner,
          mainiacjoe_overflow_alcove_1, hex_medium, grunt_decor_resistance,
          minmay_distorted, uniq_sigmund, uniq_grinder, uniq_robin
D:4:      layout_loops_cross, gammafunk_ghost_gnarly_gnolls, grunt_ministairs_2,
          minivault_14
D:5:      layout_loops_ring, mainiacjoe_overflow_two_lobes,
          gammafunk_temple_overflow_wave, gammafunk_ghost_grave, uniq_duvessa
D:6:      layout_loops_corners, mainiacjoe_overflow_tiny_flanked,
          minmay_temple_entry_steel_oval, minmay_splitting_lines, uniq_pikel
D:7:      layout_gridville, gammafunk_ghost_nasty_kobolds,
          nicolae_ossuary_entry_monument, reono_crystal_passage
Temple:   dpeg_three_leaves_temple

Skill      XL: |  1  2  3  4  5  6  7  8  9 10 |
---------------+-------------------------------+-----
Ice Magic      | 1 2 3 4 6 7 8 |  8.0
Transmutations | 3 5 6 7 8 |  8.0
Conjurations   | 3 5 |  5.3
Air Magic      | 3 4 |  4.1
Fighting       | 2 3 |  3.0
Unarmed Combat | 4 |  4.2
Spellcasting   | 3 |  3.2
Dodging        | |  2.0

Action                     |  1- 3 |  4- 6 |  7- 9 | 10-12 || total
---------------------------+-------+-------+-------+-------++-------
  Melee: Unarmed           |    56 |    87 |   333 |    68 ||   544
         Constrict         |    17 |    11 |    12 |     2 ||    42
         Kick              |    18 |     6 |     3 |       ||    27
         Tentacles         |    11 |     7 |    14 |       ||    32
         Punch             |     1 |     2 |     5 |     1 ||     9
   Cast: Beastly Appendage |     8 |     4 |     1 |       ||    13
         Wereblood         |     1 |     4 |    10 |     7 ||    22
         Ice Form          |       |     5 |    30 |     7 ||    42
  Evoke: Wand              |       |       |     1 |       ||     1
    Use: Scroll            |       |       |    13 |     1 ||    14
         Potion            |       |       |     1 |       ||     1
   Stab: Sleeping          |     6 |     4 |     4 |       ||    14
 Armour: Skin              |     1 |    17 |    77 |    13 ||   108
  Dodge: Dodged            |    30 |    55 |   134 |    30 ||   249

Table legend: (Time is in decaauts)
 A = Elapsed time spent in this place.
 B = Non-inter-level travel time spent in this place.
 C = Inter-level travel time spent in this place.
 D = Time resting spent in this place.
 E = Time spent auto-exploring this place.
 F = Levels seen in this place.
 G = Mean time per level.
                   A        B        C        D        E       F      G
               +--------+--------+--------+--------+--------+-----+--------+
         Total |   7068 |   6809 |    259 |     94 |   5299 |   9 |  785.3 |
       Dungeon |   6591 |   6341 |    250 |     94 |   4974 |   7 |  941.6 |
        Temple |    100 |     91 |      9 |      0 |     58 |   1 |  100.0 |
       Ossuary |    376 |    376 |      0 |      0 |    267 |   1 |  376.0 |
               +--------+--------+--------+--------+--------+-----+--------+

Top non-repeatable levels by time:
     D:5: 1363 daAuts
     D:3: 1345 daAuts
     D:6: 1315 daAuts
     D:2: 1059 daAuts
     D:4: 843 daAuts
     D:1: 571 daAuts
 Ossuary: 376 daAuts
  Temple: 100 daAuts
     D:7: 93 daAuts
